 Dungeon Crawl Stone Soup version 0.27.1-33-g824d729ab1 (webtiles) character file.

Game seed: 13013678112471052678

483 daervis the Chopper (level 7, -4/43 HPs)
             Began as a Gargoyle Berserker on Dec 17, 2021.
             Was a Believer of Trog.
             Slain by an orc warrior (12 damage)
             ... on level 4 of the Dungeon.
             The game lasted 00:12:27 (3960 turns).

daervis the Chopper (Gargoyle Berserker)            Turns: 3960, Time: 00:12:28

Health: -4/43      AC: 14    Str: 23    XL:     7   Next: 12%
Magic:  7/7        EV: 11    Int:  7    God:    Trog [**....]
Gold:   104        SH:  0    Dex:  9    Spells: 6/6 levels left

rFire    . . .     SeeInvis .   p - +1 hand axe (elec)
rCold    . . .     Faith    .   (no shield)
rNeg     + . .     Spirit   .   a - +3 ring mail
rPois    ∞         Reflect  .   g - +0 helmet
rElec    +         Harm     .   (no cloak)
rCorr    .         Rampage  .   (no gloves)
Will     .....                  (no boots)
Stlth    ..........             (no amulet)
HPRegen  0.14/turn              (no ring)
MPRegen  0.10/turn              (no ring)

@: no status effects
A: sickness immunity, AC +4, negative energy resistance 1, electricity
resistance, torment resistance 1, petrification resistance
a: Renounce Religion, Berserk, Trog's Hand


You were on level 4 of the Dungeon.
You worshipped Trog.
Trog was pleased with you.
You visited 1 branch of the dungeon, and saw 4 of its levels.

You collected 104 gold pieces.

Inventory:

Hand Weapons
 p - a +1 hand axe of electrocution (weapon)
Armour
 a - a +3 ring mail (worn)
 b - a +0 animal skin
 g - a +0 helmet (worn)
Jewellery
 o - a +6 ring of intelligence
Scrolls
 e - a scroll of fog {unknown}
 f - a scroll of teleportation {unknown}
 h - a scroll of amnesia {unknown}
 j - 2 scrolls of identify {unknown}
 m - a scroll of vulnerability {unknown}
Potions
 c - a potion of brilliance {unknown}
 d - a potion of curing {unknown}
 i - a potion of attraction {unknown}
 l - a potion of might {unknown}
 n - a potion of mutation {unknown}


   Skills:
 + Level 4.2 Fighting
 * Level 6.2 Axes
 + Level 3.8 Armour
 - Level 1.5 Dodging
 + Level 0.3 Stealth


You had 6 spell levels left.
You didn't know any spells.
Your spell library was empty.

Dungeon Overview and Level Annotations

Branches:
Dungeon (4/15)
 Temple: D:4-7

Altars:
Elyvilon
Uskayaw


Innate Abilities, Weirdness & Mutations

You are immune to sickness and miasma.
Your stone body is resilient. (AC +4)
You are immune to poison.
You resist negative energy. (rN+)
You are resistant to electric shocks. (rElec)
You are resistant to unholy torment.
You are immune to petrification.


Message History

You feel a bit more experienced.
You hit the orc. Lightning courses through the orc!
You kill the orc!
Trog accepts your kill. Something hits you but does no damage.
Deactivating autopickup; reactivate with Ctrl-A.
You have reached level 7!
You hit something but do no damage. You hit the orc but do no damage.
The orc hits you but does no damage. Something hits you but does no damage.
You slash something! You barely miss the orc. The orc misses you.
Something hits you but does no damage.
You hit something but do no damage. Lightning courses through something!!
Trog accepts your kill.
Trog appreciates your killing of a magic user.
Reactivating autopickup.
You feel a bit more experienced.
You hit the orc but do no damage. The orc barely misses you.
Things that are here:
a +0 dagger; a +0 robe You hit the orc warrior but do no damage.
You hit the orc but do no damage. Lightning courses through the orc!
You kill the orc!
Trog accepts your kill.
The orc warrior hits you with a +0 battleaxe!
You hit the orc warrior but do no damage.
Lightning courses through the orc warrior!
The orc warrior is heavily wounded.
The orc warrior completely misses you.
You closely miss the orc warrior.
The orc warrior is heavily wounded.
The orc warrior hits you with a +0 battleaxe!
You hit the orc warrior but do no damage.
Lightning courses through the orc warrior!
The orc warrior is almost dead.
The orc warrior hits you with a +0 battleaxe!
* * * LOW HITPOINT WARNING * * *
You barely miss the orc warrior.
The orc warrior is almost dead.
The orc warrior hits you with a +0 battleaxe!
You die...

###.#.>.......#
...
##.#.........# ..
#. ####.###....#
..#. #.# ###.#
#.#.#####.# .
#....##...#
#.g..#..#########
#.<..#.####......
#...<#.##@o.#
######.##)#.#
#....)# ..
#..#### #.. #..#
.. #.## . #. ..
.#.


You could see an orc warrior.

Vanquished Creatures
  Sigmund (D:2)
  A bullfrog zombie (D:3)
  Jessica (D:3)
  Terence (D:3)
  4 orc wizards
  4 gnolls (D:2)
  2 adders
  3 worms (D:2)
  3 dart slugs
  9 orcs
  5 endoplasms
  3 giant cockroaches
  6 goblins
  9 hobgoblins
  A quokka (D:1)
  A ball python (D:1)
  5 bats
  4 frilled lizards
  A kobold (D:3)
  7 rats
  A spectral goblin (D:1)
72 creatures vanquished.

Notes
Turn   | Place    | Note
-------+----------+-------------------------------------------
     0 | D:1      | daervis the Gargoyle Berserker began the quest for the Orb.
     0 | D:1      | Reached XP level 1. HP: 14/14 MP: 1/1
   295 | D:1      | Reached skill level 3 in Axes
   357 | D:1      | Reached XP level 2. HP: 14/19 MP: 2/2
   464 | D:1      | Found a faded altar of an unknown god.
  1082 | D:1      | Reached XP level 3. HP: 24/24 MP: 3/3
  1147 | D:1      | Reached ** piety under Trog
  1698 | D:2      | Found a hide-covered altar of Uskayaw.
  1982 | D:2      | Noticed Sigmund
  2003 | D:2      | Killed Sigmund
  2004 | D:2      | Reached skill level 5 in Axes
  2004 | D:2      | Reached XP level 4. HP: 12/29 MP: 4/4
  2004 | D:2      | Reached XP level 5. HP: 13/33 MP: 5/5
  2347 | D:2      | Reached XP level 6. HP: 38/38 MP: 6/6
  2787 | D:3      | Noticed Jessica
  3127 | D:3      | Noticed Terence
  3140 | D:3      | Killed Terence
  3180 | D:3      | Killed Jessica
  3629 | D:3      | Found a white marble altar of Elyvilon.
  3686 | D:3      | Reached skill level 6 in Axes
  3942 | D:4      | Noticed an orc warrior
  3952 | D:4      | Reached XP level 7. HP: 37/43 MP: 7/7
  3960 | D:4      | Slain by an orc warrior

Illustrated notes

Levels and vault maps discovered:
D:1:      amcnicky_arrival_blooded_trapdoor, layout_basic,
          dreamdust_ecumenical_altar_drowned_temple
D:2:      layout_basic, basic_altar, minmay_misc_feat_rugged, uniq_sigmund
D:3:      layout_basic, nicolae_elyvilon_peaceful_grove,
          chequers_serial_rivers_small_3, st_stairs_7, uniq_terence,
          uniq_jessica
D:4:      layout_rooms, minmay_temple_entry_hall

Skill      XL: |  1  2  3  4  5  6 |
---------------+-------------------+-----
Axes           | 3 5 6 |  6.2
Armour         | 3 |  3.8
Fighting       | 4 |  4.2
Dodging        | |  1.5
Stealth        | |  0.3

Action                   |  1- 3 |  4- 6 |  7- 9 || total
-------------------------+-------+-------+-------++-------
Melee: Hand axe          |   111 |   110 |     8 ||   229
Invok: Berserk           |     2 |     4 |       ||     6
Armor: Animal skin       |     5 |       |       ||     5
       Ring mail         |    16 |    11 |     3 ||    30
       Scale mail        |    13 |    78 |       ||    91
Dodge: Dodged            |    52 |    64 |     3 ||   119
